 Dungeon Crawl Stone Soup version 0.20-a0-1124-g2e29d97 (webtiles) character file.

60245 wolfsongas the Severer (level 14, -12/202 HPs)
             Began as a Minotaur Berserker on May 15, 2017.
             Was a High Priest of Trog.
             Mangled by an orc warrior
             ... wielding a +0 halberd
              (13 damage)
             ... on level 2 of the Orcish Mines.
             The game lasted 01:18:41 (22668 turns).

wolfsongas the Severer (Minotaur Berserker)        Turns: 22668, Time: 01:18:42

Health: -12/202    AC: 29    Str: 35    XL:     14   Next: 56%
Magic:  13/13      EV:  8    Int:  4    God:    Trog [*****.]
Gold:   1613       SH:  4    Dex: 12    Spells: 13/13 levels left

rFire    + + +     SeeInvis .   t - +6 executioner's axe (freeze)
rCold    + . .     Gourm    .   (shield currently unavailable)
rNeg     . . .     Faith    .   M - +0 gold dragon scales
rPois    +         Spirit   .   r - +2 hat {MR+}
rElec    .         Reflect  +   (no cloak)
rCorr    .         Harm     .   s - +0 pair of gloves
MR       ++...                  g - +2 pair of boots {Fly}
Stlth    ..........             e - +4 amulet of reflection
Regen    0.5/turn               b - +3 ring of strength
MPRegen  0.2/turn               w - ring of protection from fire

@: berserking, drained, very quick
A: retaliatory headbutt, horns 2, talons 1, thin metallic scales 1, camouflage
1, fire resistance 1, strong 1, subdued magic 1
a: Berserk, Trog's Hand, Brothers in Arms, Burn Spellbooks, Renounce Religion,
Evoke Flight


You were on level 2 of the Orcish Mines.
You worshipped Trog.
Trog was extremely pleased with you.
You were very hungry.

You visited 4 branches of the dungeon, and saw 21 of its levels.
You also visited: Labyrinth and Bailey.

You collected 1885 gold pieces.
You spent 272 gold pieces at shops.

Inventory:

Hand Weapons
 f - a +5 triple crossbow of flaming
 j - the +6 shortbow "Miph" {freeze, rElec rF+}
   (You found it in a labyrinth)

   It causes projectiles fired from it to freeze those they strike, causing
   extra injury to most foes and up to half again as much damage against
   particularly susceptible opponents.
   They can also slow down cold-blooded creatures.
   It protects you from fire.
   It insulates you from electricity.
 t - a +6 executioner's axe of freezing (weapon)
Armour
 g - a +2 pair of boots of flying (worn)
 r - a +2 hat of magic resistance (worn)
 s - a +0 pair of gloves (worn)
 z - a +0 large shield
 M - +0 gold dragon scales (worn)
Jewellery
 b - a +3 ring of strength (left hand)
 e - a +4 amulet of reflection (around neck)
 k - an uncursed ring of ice
 w - a ring of protection from fire (right hand)
 E - the ring of Pobbuo Feko {+Fly Int+5 Dex-2 SInv}
   (You found it on level 3 of the Lair of Beasts)

   [ring of flight]

   It affects your intelligence (+5).
   It affects your dexterity (-2).
   It lets you see invisible.
   It lets you fly.
Scrolls
 a - a scroll of silence
 d - a scroll of brand weapon
 l - a scroll of vulnerability
 o - 6 scrolls of remove curse
 q - a scroll of fear
 u - a scroll of magic mapping
 B - 2 scrolls of teleportation
Potions
 c - 4 potions of brilliance
 i - 3 potions of berserk rage
 m - 5 potions of curing
 p - 3 potions of flight
 x - a potion of ambrosia
 C - 2 potions of haste
 D - 3 potions of lignification
Miscellaneous
 N - a lightning rod (4/4)
Comestibles
 h - 8 meat rations
 n - 12 chunks of flesh
 v - 12 bread rations


   Skills:
 + Level 15.2(14.7) Fighting
 * Level 16.7 Axes
   Level 8.1(13.0) Polearms
 + Level 15.3(14.8) Armour
 - Level 2.1(1.8) Dodging
 - Level 10.6(10.2) Shields


You had 13 spell levels left.
You didn't know any spells.

Dungeon Overview and Level Annotations

Branches:
Dungeon (13/15)            Temple (1/1) D:7            Lair (5/6) D:11
 Shoals (0/4) Lair:4       Spider (0/4) Lair:3        Slime (0/5) Lair:5
    Orc (2/2) D:11            Elf (0/3) Orc:2        Vaults (0/5) D:13

Altars:
Ashenzari
Cheibriados
Dithmenos
Elyvilon
Fedhas
Gozag
Hepliaklqana
Kikubaaqudgha
Makhleb
Nemelex Xobeh
Okawaru
Qazlal
Ru
Sif Muna
Trog
Uskayaw
Vehumet
Wu Jian
Xom
Yredelemnul
Zin
The Shining One
Jiyva

Shops:
D:12 (   Orc:1 :   Orc:2 :

Annotations:
Lair:2 exclusion: oklob plant


Innate Abilities, Weirdness & Mutations

You reflexively headbutt those who attack you in melee.
You have a pair of horns on your head.
You have sharp toenails.
You are partially covered in thin metallic scales. (AC +2)
Your skin changes colour to match your surroundings (Stealth+).
Your flesh is heat resistant. (rF+)
Your muscles are strong. (Str +2)
Your spells are a little easier to cast, but a little less powerful.


Message History

You are too berserk!
You slice the orc warrior!! You freeze the orc warrior.
You kill the orc warrior!
Trog accepts your kill.
You slice the orc warrior!! You freeze the orc warrior.
The orc warrior hits you from afar with a halberd!
* * * LOW HITPOINT WARNING * * *
The orc warrior hits you with a war axe!
* * * LOW HITPOINT WARNING * * *
The orc knight hits you but does no damage.
An orc sorcerer comes into view. It is wielding a dagger.
You are too berserk!
You are too berserk!
You slash the orc high priest! You freeze the orc high priest.
You headbutt the orc high priest!!
The orc high priest is heavily wounded.
You barely miss the orc warrior.
The orc high priest prays to Beogh.
The orc warrior hits you from afar with a halberd!
You die...

## .∩# # ..#
o##.. .o.. #.o ..
##oo## ... #.oo@#
#.#.....o#3#
#.#....4##.#
#.#...###..#
#.######..##
...####.####...##
#...........###
######.######
#######.#######


You could see an orc knight, 3 orc high priests, a hellwing, a sixfirhy, an orc
sorcerer, 2 orc warriors and an orc priest.

Vanquished Creatures
  The ghost of Buffagor the Severer, a journeyman MiBe of Trog (Orc:2)
  Snorg (Lair:3)
  A minotaur (Lab)
  Fannar (Lair:1)
  A vault guard (D:13)
  A catoblepas (D:13)
  7 hydras
  3 centaur warriors (D:13)
  2 two-headed ogres
  An orc high priest (Orc:1)
  Nergalle (Lair:1)
  A wizard (D:13)
  3 necromancers
  3 orc knights
  An orc sorcerer (Orc:2)
  An orb spider (Lair:3)
  2 cyclopes
  4 ugly things
  2 black mambas (Lair:4)
  2 kobold demonologists
  5 gargoyles
  3 komodo dragons
  3 rime drakes
  A polar bear (Lair:5)
  3 trolls (D:11)
  2 merfolk (Lair:4)
  11 blink frogs
  5 hippogriffs
  5 slime creatures (D:13)
  The ghost of raszama the Fighter, an amateur OgBe of Trog (D:4)
  Sigmund (D:5)
  A shadow (D:13)
  A spriggan (D:8)
  17 humans (D:13)
  A hungry ghost (D:13)
  39 yaks
  11 basilisks
  4 wyverns
  3 wargs (Orc:1)
  Menkaure (D:7)
  An acid dragon (D:12)
  10 water moccasins
  17 porcupines
  3 ice beasts
  25 orc warriors
  A black bear (D:12)
  A phantom (D:5)
  4 sky beasts
  2 necrophages
  9 ogres
  An ogre (shapeshifter) (D:13)
  A boggart (shapeshifter) (D:13)
  13 centaurs
  16 wolves
  12 crocodiles
  25 big kobolds
  19 bullfrogs
  2 gnoll sergeants
  11 scorpions
  2 water moccasin skeletons (D:9)
  3 electric eels (Lair:1)
  7 howler monkeys
  4 wights (D:9)
  A bullfrog zombie (D:13)
  11 crimson imps
  8 hounds
  4 centaur skeletons
  3 jellies
  20 orc wizards
  A gnoll shaman (D:7)
  14 orc priests
  3 bullfrog skeletons
  3 iguanas (D:5)
  7 worker ants
  4 polar bear simulacra (Lair:2)
  4 yak simulacra (Lair:2)
  2 wolf simulacra (Lair:2)
  2 hound zombies
  A hound skeleton (D:6)
  2 howler monkey zombies
  27 gnolls
  16 adders
  2 shadow imps
  A worm (shapeshifter) (D:13)
  2 worms
  2 dart slugs (D:2)
  78 orcs
  6 bats
  5 giant cockroaches
  12 goblins
  10 hobgoblins
  13 jackals
  2 quokkas
  2 frilled lizards
  43 kobolds
  3 leopard gecko skeletons
  A quokka skeleton (D:5)
  6 rats
  A river rat simulacrum (Lair:2)
  2 bushes (D:11)
  3 fungi (Lair:5)
  A plant (D:7)
674 creatures vanquished.

Vanquished Creatures (collateral kills)
  A vault guard (D:13)
  A catoblepas (D:13)
  2 orc knights (Bailey)
  A spiny frog (Lair:1)
  A rime drake (D:13)
  A hornet (D:13)
  A hippogriff (D:8)
  3 humans (D:13)
  A centaur (D:8)
  A scorpion (D:8)
  4 lava snakes (Lab)
  2 orc priests
  2 gnolls (Bailey)
  2 shadow imps (D:13)
  4 orcs
  A goblin (Bailey)
  A hobgoblin (Bailey)
  A kobold (Bailey)
30 creatures vanquished.

Vanquished Creatures (others)
  A kobold (Bailey)
  3 fungi
  A plant (D:11)
5 creatures vanquished.

Grand Total: 709 creatures vanquished

Notes
Turn   | Place    | Note
-------+----------+-------------------------------------------
     0 | D:1      | wolfsongas the Minotaur Berserker began the quest for the Orb.
     0 | D:1      | Reached XP level 1. HP: 19/19 MP: 0/0
    86 | D:1      | Reached skill level 4 in Axes
   211 | D:1      | Gained mutation: Your mind is acute. (Int +2) [potion of mutation]
   211 | D:1      | Gained mutation: You are partially covered in thin metallic scales. (AC +2) [potion of mutation]
   211 | D:1      | Gained mutation: You are partially covered in yellow scales. (AC +2) [potion of mutation]
   237 | D:1      | Reached XP level 2. HP: 26/26 MP: 1/1
   610 | D:2      | Reached skill level 5 in Axes
   613 | D:2      | Reached ** piety under Trog
   694 | D:2      | Reached XP level 3. HP: 31/31 MP: 2/2
  1165 | D:2      | Found a white marble altar of Elyvilon.
  1250 | D:3      | Found an ornate altar of the Wu Jian Council.
  1546 | D:3      | Reached skill level 6 in Axes
  1546 | D:3      | Reached XP level 4. HP: 37/39 MP: 3/3
  1997 | D:4      | Noticed raszama's ghost (amateur OgBe)
  2009 | D:4      | Killed raszama's ghost
  2009 | D:4      | Reached skill level 8 in Axes
  2009 | D:4      | Reached XP level 5. HP: 45/45 MP: 4/4
  2174 | D:4      | Reached XP level 6. HP: 44/51 MP: 5/5
  2491 | D:4      | Reached skill level 9 in Axes
  2878 | D:4      | Reached XP level 7. HP: 57/57 MP: 6/6
  3099 | D:4      | Reached skill level 10 in Axes
  3189 | D:5      | Entered Level 5 of the Dungeon
  3611 | D:5      | Got a bloodstained leather armour
  3612 | D:5      | Identified the +4 leather armour of Qotyluga {Regen+ Dex+3} (You found it on level 5 of the Dungeon)
  3693 | D:5      | Noticed Sigmund
  3700 | D:5      | Killed Sigmund
  3700 | D:5      | Reached skill level 11 in Axes
  3700 | D:5      | Reached XP level 8. HP: 67/67 MP: 7/7
  3808 | D:5      | Reached *** piety under Trog
  4074 | D:5      | Reached skill level 5 in Fighting
  4322 | D:6      | Reached skill level 5 in Armour
  4390 | D:6      | Reached skill level 12 in Axes
  4994 | D:7      | Reached XP level 9. HP: 75/75 MP: 8/8
  5008 | D:7      | Reached **** piety under Trog
  5423 | D:7      | Noticed Menkaure
  5427 | D:7      | Found a staircase to the Ecumenical Temple.
  5432 | D:7      | Killed Menkaure
  5432 | D:7      | Reached skill level 13 in Axes
  5464 | Temple   | Entered the Ecumenical Temple
  6081 | D:7      | Reached ***** piety under Trog
  6268 | D:8      | Noticed a two-headed ogre
  6273 | D:8      | Killed a two-headed ogre
  6273 | D:8      | Reached XP level 10. HP: 79/89 MP: 9/9
  6479 | D:8      | Reached skill level 14 in Axes
  6519 | D:8      | Found a flagged portal.
  6530 | Bailey   | Entered a bailey
  6575 | Bailey   | Noticed an orc knight
  6582 | Bailey   | Noticed an orc knight
  6628 | Bailey   | Received a gift from Trog
  6667 | Bailey   | Killed an orc knight
  6672 | Bailey   | Killed an orc knight
  6976 | D:8      | Found a stormy altar of Qazlal.
  7205 | D:9      | Received a gift from Trog
  7223 | D:8      | Reached skill level 15 in Axes
  7669 | D:9      | Reached XP level 11. HP: 99/99 MP: 10/10
  7696 | D:9      | Got an ichor-stained spear
  7697 | D:9      | Identified the +11 spear "Niunaut" {pierce, rC- Str+6 Int+4} (You found it on level 9 of the Dungeon)
  7820 | D:9      | Lost mutation: You are partially covered in thin metallic scales. (AC +2) [potion of mutation]
  7820 | D:9      | Lost mutation: Your mind is acute. (Int +2) [potion of mutation]
  7820 | D:9      | Lost mutation: You are partially covered in yellow scales. (AC +2) [potion of mutation]
  7820 | D:9      | Gained mutation: Your flesh is cold resistant. (rC+) [potion of mutation]
  7820 | D:9      | Gained mutation: You have sharp toenails. [potion of mutation]
  7820 | D:9      | Gained mutation: Your flesh is very cold resistant. (rC++) [potion of mutation]
  8240 | D:10     | Entered Level 10 of the Dungeon
  8399 | D:10     | Reached skill level 1 in Polearms
  8459 | D:10     | Reached skill level 10 in Fighting
  8662 | D:10     | Reached skill level 10 in Armour
  8938 | D:10     | You fall through a shaft for 3 floors!
  8970 | D:13     | Noticed a catoblepas
  8980 | D:13     | Paralysed by a hornet for 2 turns
  9176 | D:11     | Reached skill level 5 in Polearms
  9360 | D:11     | Received a gift from Trog
  9463 | D:11     | Received a gift from Trog
  9647 | D:11     | Found a staircase to the Lair.
  9904 | D:11     | Found a staircase to the Orcish Mines.
 10171 | D:11     | Noticed a two-headed ogre
 10182 | D:11     | Killed a two-headed ogre
 10182 | D:11     | Reached XP level 12. HP: 93/110 MP: 11/11
 10287 | D:12     | Reached skill level 1 in Shields
 10635 | D:12     | Found a bloodstained altar of Trog.
 10901 | D:12     | Lost mutation: Your flesh is very cold resistant. (rC++) [potion of mutation]
 10901 | D:12     | Lost mutation: Your flesh is cold resistant. (rC+) [potion of mutation]
 10901 | D:12     | Lost mutation: You have sharp toenails. [potion of mutation]
 10901 | D:12     | Gained mutation: You are agile. (Dex +2) [potion of mutation]
 10901 | D:12     | Gained mutation: Your mind is acute. (Int +2) [potion of mutation]
 10918 | D:12     | Gained mutation: Your muscles are strong. (Str +2) [mutagenic meat]
 10920 | D:12     | Gained mutation: Your spells are a little easier to cast, but a little less powerful. [mutagenic meat]
 11257 | D:12     | Found Cukhun's Antique Weapon Shoppe.
 11261 | D:12     | Bought a warped flail for 272 gold pieces
 11261 | D:12     | Identified the +8 flail "Epsuv" {flame, -Tele Str+6} (You bought it in a shop on level 12 of the Dungeon)
 11578 | D:13     | Noticed a centaur warrior
 11584 | D:13     | Killed a centaur warrior
 11826 | D:13     | Got an encrusted war axe
 11827 | D:13     | Identified the cursed +2 war axe of Hoism {antimagic, rPois rF++ rC+ MR-} (You found it on level 13 of the Dungeon)
 12013 | D:13     | Reached skill level 5 in Shields
 12268 | D:13     | Noticed a centaur warrior
 12281 | D:13     | Killed a centaur warrior
 12429 | D:13     | Lost mutation: You are agile. (Dex +2) [potion of mutation]
 12429 | D:13     | Lost mutation: Your mind is acute. (Int +2) [potion of mutation]
 12429 | D:13     | Gained mutation: You have sharp toenails. [potion of mutation]
 12429 | D:13     | Gained mutation: Your flesh is heat resistant. (rF+) [potion of mutation]
 12429 | D:13     | Gained mutation: You are partially covered in thin metallic scales. (AC +2) [potion of mutation]
 12429 | D:13     | Gained mutation: Your skin changes colour to match your surroundings (Stealth+). [potion of mutation]
 12546 | D:13     | Noticed a catoblepas
 12580 | D:13     | Killed a catoblepas
 12694 | D:13     | Noticed a vault guard
 12695 | D:13     | Noticed a vault guard
 12703 | D:13     | Killed a vault guard
 12732 | D:13     | Killed a vault guard
 12735 | D:13     | Noticed a centaur warrior
 12748 | D:13     | Killed a centaur warrior
 12748 | D:13     | Received a gift from Trog
 12748 | D:13     | Reached XP level 13. HP: 60/122 MP: 12/12
 13129 | D:13     | Found a gate to the Vaults.
 13232 | D:13     | Identified a scroll of acquirement
 13958 | Lair:1   | Entered Level 1 of the Lair of Beasts
 14013 | Lair:1   | Noticed Fannar
 14028 | Lair:1   | Killed Fannar
 14095 | Lair:1   | Got a shimmering spear
 14096 | Lair:1   | Identified the +0 spear "Killer Klown's Doom" {pierce, rElec rN+ Int+7} (You found it on level 1 of the Lair of Beasts)
 14568 | Lair:1   | Noticed Nergalle
 14573 | Lair:1   | Killed Nergalle
 15766 | Lair:3   | Reached skill level 10 in Shields
 15777 | Lair:3   | Got an ancient copper ring
 15779 | Lair:3   | Identified the ring of Pobbuo Feko {+Fly Int+5 Dex-2 SInv} (You found it on level 3 of the Lair of Beasts)
 15850 | Lair:3   | Found a hole to the Spider Nest.
 16570 | Lair:4   | Noticed Snorg
 16581 | Lair:3   | Killed Snorg
 16752 | Lair:4   | Received a gift from Trog
 17020 | Lair:4   | Reached XP level 14. HP: 133/133 MP: 13/13
 17050 | Lair:4   | HP: 6/133 [13-headed hydra (1)]
 17484 | Lair:4   | Found a staircase to the Shoals.
 18173 | Lair:5   | Found a labyrinth entrance.
 18190 | Lab      | Entered a labyrinth
 19827 | Lab      | Found an exit through the horrors of the Abyss.
 19878 | Lab      | Reached skill level 16 in Axes
 19941 | Lab      | Got a pitted shortbow
 19942 | Lab      | Identified the +6 shortbow "Miph" {freeze, rElec rF+} (You found it in a labyrinth)
 20831 | Lair:5   | Reached skill level 15 in Fighting
 20919 | Lair:5   | Found a staircase to the Slime Pits.
 20920 | Lair:5   | Found a viscous altar of Jiyva.
 21028 | Lair:5   | Reached skill level 15 in Armour
 21349 | Lair:5   | Got a silken robe
 21350 | Lair:5   | Identified the +3 robe "Kugudimn" {rF- Str+6} (You found it on level 5 of the Lair of Beasts)
 21632 | Orc:1    | Entered Level 1 of the Orcish Mines
 21713 | Orc:1    | Found Wauxi's Book Shop.
 22157 | Orc:2    | Entered Level 2 of the Orcish Mines
 22160 | Orc:2    | Noticed Buffagor's ghost (journeyman MiBe)
 22173 | Orc:2    | Killed Buffagor's ghost
 22486 | Orc:2    | Found a staircase to the Elven Halls.
 22496 | Orc:2    | Received a gift from Trog
 22656 | Orc:2    | Found Tebavaff's Book Emporium.
 22667 | Orc:2    | HP: 8/202 [orc warrior/halberd (12)]
 22667 | Orc:2    | HP: 1/202 [orc warrior/war axe (7)]
 22668 | Orc:2    | Mangled by an orc warrior

Vault maps used:
D:1:      lemuel_arrival_rhombus
D:2:      first_bread, elyvilon_altar_5
D:3:      nicolae_overflow_crystal_walls, hangedman_decor_growths
D:5:      minmay_misc_feat_ornament, grunt_tough_drop, uniq_sigmund
D:7:      kennysheep_housing_project, minmay_temple_entry_overgrown,
          amethyst_killhole, uniq_menkaure
D:8:      enter_bailey_3, basic_altar, the_bakery
D:11:     minmay_lair_entry_grove, david_orc_2
D:12:     basic_altar, serial_shops, shop
D:13:     grunt_vaults_entry_tiered, portal_ice_cave_rime
Temple:   roderic_octagonal_lattice_temple
Lair:1:   serial_bayou_lake_a, grunt_megastairs_2, uniq_nergalle, uniq_fannar
Lair:2:   dpeg_oklob_gauntlet, eino_house_with_fridge, grunt_megastairs_4,
          infiniplex_staircase_pool_2, serial_bayou_shore_b
Lair:3:   nicolae_spider_entry_orb_guardian
Lair:4:   elwin_shoals_entry_rooms, serial_bayou_pond_e, uniq_snorg
Lair:5:   slime_altar_1, lab_entry_generic, grunt_megastairs_5
Orc:1:    serial_shops, shop
Orc:2:    st_orc_elflike, hangedman_minor_magic, uniq_saint_roka
Lab:      nicolae_lab_flowing_pool, lab_hedge, labyrinth_fake_exit,
          labyrinth_lava_lair, nicolae_lab_starburst
Bailey:   bailey_axe_4, bailey

Skill      XL: |  1  2  3  4  5  6  7  8  9 10 11 12 13 14 |
---------------+-------------------------------------------+-----
Axes           | 4 5 6 8 9 11 12 13 15 16 | 16.7
Fighting       | 4 6 8 9 11 13 14 15 | 15.2
Armour         | 3 5 7 9 11 13 14 15 | 15.3
Polearms       | 8 |  8.1
Shields        | 7 10 | 10.6
Dodging        | |  2.1

Action                   |  1- 3 |  4- 6 |  7- 9 | 10-12 | 13-15 || total
-------------------------+-------+-------+-------+-------+-------++-------
Melee: Hand axe          |    75 |       |       |       |       ||    75
       Headbutt          |    13 |    12 |    44 |   135 |   156 ||   360
       War axe           |    14 |    71 |   247 |    48 |       ||   380
       Unarmed           |       |       |     6 |       |       ||     6
       Broad axe         |       |       |       |    91 |       ||    91
       Spear             |       |       |       |   515 |   326 ||   841
       Executioner's axe |       |       |       |       |   235 ||   235
Invok: Berserk           |       |     2 |     9 |    15 |    12 ||    38
       Trog's Hand       |       |       |     2 |     5 |     5 ||    12
       Burn Spellbooks   |       |       |     1 |     2 |     3 ||     6
       Brothers in Arms  |       |       |       |     7 |     5 ||    12
 Abil: Stop Flying       |       |       |       |     1 |     3 ||     4
       Evoke Flight      |       |       |       |     1 |     3 ||     4
  Use: Scroll            |     6 |     2 |    12 |    13 |    25 ||    58
       Potion            |     4 |     3 |     4 |     9 |     1 ||    21
  Eat: Bread ration      |     2 |       |     3 |     4 |     2 ||    11
       Chunk             |     1 |       |     2 |     5 |     7 ||    15
       Royal jelly       |       |       |     1 |     5 |     7 ||    13
       Meat ration       |       |       |       |     2 |     2 ||     4
       Fruit             |       |       |       |     3 |     8 ||    11
Armor: Animal skin       |    23 |       |       |       |       ||    23
       Ring mail         |     8 |    27 |    17 |       |       ||    52
       Leather armour    |       |       |    70 |    63 |       ||   133
       Skin              |       |       |     1 |       |       ||     1
       Plate armour      |       |       |       |   186 |   247 ||   433
       Gold dragon scale |       |       |       |       |    70 ||    70
Dodge: Dodged            |    59 |    34 |   125 |   220 |   143 ||   581
Block: Other             |    13 |    13 |    34 |    84 |    63 ||   207
       Reflection        |       |       |       |    26 |     3 ||    29
